 Dungeon Crawl Stone Soup version 0.28-a0-983-g1de4e0787c (webtiles) character file.

Game seed: 5793273290880876911

120524 tatocazan the Severer (level 16, -1/129 HPs)
             Began as a Demonspawn Fighter on Dec 3, 2021.
             Was the Champion of Okawaru.
             Drowned by a water nymph (9 damage)
             ... on level 1 of the Shoals.
             The game lasted 00:42:51 (34419 turns).

tatocazan the Severer (Demonspawn Fighter)         Turns: 34419, Time: 00:42:52

Health: -1/129     AC: 38    Str: 25    XL:     16   Next: 30%
Magic:  1/27       EV: 13    Int: 11    God:    Okawaru [******]
Gold:   1772       SH: 25    Dex: 15    Spells: 15/15 levels left

rFire   . . .      SeeInvis +   l - +7 war axe (flame)
rCold   . . .      Faith    .   I - +8 tower shield of Miworchoi {Int+2}
rNeg    + . .      Spirit   .   D - +2 crystal plate armour
rPois   .          Reflect  .   (helmet unavailable)
rElec   .          Harm     .   j - +0 cloak
rCorr   .          Rampage  .   F - +0 pair of gloves {infuse}
Will    ++...                   (no boots)
Stlth   ..........              f - amulet of regeneration
HPRegen 1.11/turn               o - +4 ring of evasion
MPRegen 0.20/turn               d - ring of positive energy

@: agile, lethally poisoned (-1 -> -7), lit by a corona, about to teleport,
afraid, finesse-ful, sanguine armoured, glowing, studying Translocations
A: antennae 3, powered by pain 3, sanguine armour 3, demonic magic 2,
strong-willed 1, strong 1, MP-powered wands
a: Renounce Religion, Heroism, Finesse, Duel


You were on level 1 of the Shoals.
You worshipped Okawaru.
Okawaru was exalted by your worship.
You visited 5 branches of the dungeon, and saw 26 of its levels.
You visited the Abyss 1 time.
You visited 1 bazaar.

You collected 3493 gold pieces.
You spent 1721 gold pieces at shops.

Inventory:

Hand Weapons
 a - a +0 war axe of draining
 l - a +7 war axe of flaming (weapon)
 T - a +2 broad axe of electrocution
Missiles
 z - 2 throwing nets (quivered)
 E - 3 datura-tipped darts
Armour
 j - a +0 cloak (worn)
 r - a scarf of repulsion
 D - a +2 crystal plate armour (worn)
 F - a +0 pair of gloves of infusion (worn)
 I - the +8 tower shield of Miworchoi (worn) {Int+2}
   (You found it on level 4 of the Lair of Beasts)

   Int:       It affects your intelligence (+2).
 O - a +2 hat of stealth
Jewellery
 d - a ring of positive energy (right hand)
 f - an amulet of regeneration (around neck)
 h - an amulet of the acrobat
 k - an amulet of magic regeneration
 o - a +4 ring of evasion (left hand)
 s - an amulet of reflection
 u - a ring of wizardry
 w - an amulet of faith
 J - a ring of resist corrosion
 L - a +6 ring of intelligence
 Q - a ring of see invisible
 S - an amulet of guardian spirit
Wands
 g - a wand of flame (15)
 y - a wand of mindburst (16)
 A - a wand of polymorph (1)
 G - a wand of acid (8)
Scrolls
 c - 3 scrolls of fog
 i - 18 scrolls of identify
 p - 2 scrolls of amnesia
 q - 3 scrolls of magic mapping
 M - 2 scrolls of teleportation
 N - a scroll of blinking
Potions
 b - 2 potions of might
 e - 4 potions of mutation
 m - 5 potions of lignification
 n - 6 potions of attraction
 t - 7 potions of ambrosia
 v - a potion of degeneration
 x - 3 potions of brilliance
 B - 2 potions of cancellation
 C - a potion of curing
 H - 2 potions of haste
 P - a potion of invisibility


   Skills:
 + Level 12.9 Fighting
 * Level 15.7 Axes
 + Level 11.8 Armour
 + Level 5.0 Dodging
 + Level 11.8 Shields
 * Level 15.0 Invocations


You had 15 spell levels left.
You didn't know any spells.
Your spell library contained the following spells:

 Spells                   Type           Power      Damage    Failure   Level
 Apportation              Tloc           0%         N/A       100%        1
 Magic Dart               Conj           0%         1d3       100%        1
 Sandblast                Erth           0%         2d4       100%        1
 Blink                    Tloc           0%         N/A       100%        2
 Passwall                 Tmut/Erth      0%         N/A       100%        2
 Scorch                   Fire           0%         2d5       100%        2
 Conjure Flame            Conj/Fire      0%         6-21      100%        3
 Dazzling Flash           Conj/Hex       0%         N/A       100%        3
 Frozen Ramparts          Ice            0%         1d2       100%        3
 Gell's Gravitas          Tloc           0%         N/A       100%        3
 Ignite Poison            Fire/Tmut/Pois 0%         N/A       100%        3
 Lesser Beckoning         Tloc           0%         N/A       100%        3
 Mephitic Cloud           Conj/Pois/Air  0%         N/A       100%        3
 Stone Arrow              Conj/Erth      0%         3d7       100%        3
 Teleport Other           Tloc           0%         N/A       100%        3
 Flame Wave               Conj/Fire      0%         2d4       100%        4
 Ice Form                 Ice/Tmut       0%         N/A       100%        4
 Sticky Flame             Conj/Fire      0%         2d3       100%        4
 Agony                    Necr           0%         N/A       100%        5
 Alistair's Intoxication  Tmut/Pois      0%         N/A       100%        5
 Borgnjor's Vile Clutch   Necr/Erth      0%         N/A       100%        5
 Manifold Assault         Tloc           0%         N/A       100%        5
 Silence                  Hex/Air        0%         N/A       100%        5
 Dispersal                Tloc           0%         N/A       100%        6
 Storm Form               Tmut/Air       0%         N/A       100%        7
 Necromutation            Tmut/Necr      0%         N/A       100%        8
 Call Imp                 Summ           Unusable   N/A       N/A         2
 Animate Dead             Necr           Unusable   N/A       N/A         4
 Summon Ice Beast         Ice/Summ       Unusable   N/A       N/A         4
 Death Channel            Necr           Unusable   N/A       N/A         6
 Summon Cactus Giant      Summ           Unusable   N/A       N/A         6

Dungeon Overview and Level Annotations

Branches:
Dungeon (15/15)            Temple (1/1) D:6            Lair (6/6) D:9
 Shoals (2/4) Lair:2        Snake (0/4) Lair:2        Slime (0/5) Lair:6
    Orc (2/2) D:10            Elf (0/3) Orc:2        Vaults (0/5) D:14
 Depths (0/4) D:15

Altars:
Ashenzari
Cheibriados
Dithmenos
Elyvilon
Fedhas
Gozag
Hepliaklqana
Kikubaaqudgha
Makhleb
Okawaru
Qazlal
Ru
Sif Muna
Trog
Uskayaw
Vehumet
Wu Jian
Xom
Yredelemnul
Beogh
Lugonu

Shops:
D:1 *(:*   D:2 [**(   D:6 (   D:9 (   D:12 *!=?!*   Orc:1 *([!:   Orc:2 ?*:*

Portals:
Abyss: Lair:6

Annotations:
D:7 Joseph
D:8 1 transporter, Aethergoof's ghost, novice DsAK
Lair:3 2 transporters, exclusion: 2 oklob plants, sauken's ghost, journeyman OgIE
Lair:6 3 runed translucent doors, Inoelank's ghost, journeyman GnFi
Shoals:1 Aizul; Mlioglotl
Shoals:2 Jorgrun


Innate Abilities, Weirdness & Mutations

You have a pair of large antennae on your head. (SInv)
You are powered by pain.
When seriously injured, your blood forms very thick armour. (AC +12)
Spells you cast may paralyse nearby enemies.
You are strong-willed. (Will+)
Your muscles are strong. (Str +2)
You expend magic power (3 MP) to strengthen your wands.


Message History

Splash!
You fall into the shallow water.
Moving in this stuff is going to be slow.
Mlioglotl churns violently!
Mlioglotl radiates an aura of fear!
You are terrified of Mlioglotl!
You closely miss the water nymph.
The water nymph is heavily wounded.
You slash the wind drake! You burn the wind drake.
The merfolk siren chants a haunting song.
You resist with almost no effort. You block the merfolk's attack.
The wind drake exhales a fierce blast of wind!
You are blown backwards!
The monsters around you are blown away!
Splash!
You block the merfolk's attack.
You barely miss the merfolk.
Mlioglotl churns violently!
Mlioglotl corrupts the dungeon around him!
You closely miss the merfolk.
Aizul coils herself and waves her upper body at you.
You fall asleep.
The merfolk hits you from afar with a +0 trident!!!
You wake up.
* * * LOW HITPOINT WARNING * * *
You take 38 damage, and have 28/129 hp.
MASSIVE DAMAGE!!
As you read the scroll of teleportation, it crumbles to dust.
You feel strangely unstable.
Aizul winks several times.
Aizul coils herself and waves her upper body at you.
The bolt of poison hits you!
You are poisoned.
* * * LOW HITPOINT WARNING * * *
The merfolk throws a throwing net.
You block the throwing net.
The merfolk hits you but does no damage.
The merfolk siren hits you from afar with a +0 trident.
* * * LOW HITPOINT WARNING * * *
You block the centaur's attack. x2; The merfolk closely misses you.
You block the merfolk's attack. The water nymph touches you.
The water nymph drowns you!
You die...

≈≈≈≈≈≈≈.....≈≈.##.
≈≈≈≈≈≈≈≈≈.≈≈≈≈.#.≈
≈≈≈≈≈≈≈≈≈≈≈≈≈≈..≈≈≈
≈≈≈≈≈≈≈≈≈≈≈≈≈≈≈≈≈≈≈
≈≈≈≈≈.≈≈≈≈≈≈≈.≈≈}≈≈
≈≈≈≈≈≈≈≈.≈≈≈m.≈≈≈≈≈
≈(≈≈≈≈≈.≈≈c≈S......
≈≈≈≈≈≈...k@.mE.....
≈≈≈≈....##mmmt.##.
≈≈≈≈..####m≈mm##
.≈≈≈.# ##.≈tm.≈≈(
#.≈≈≈ #≈≈X≈≈≈≈≈
#... .≈≈≈≈≈≈≈≈ #..
..≈≈≈≈≈≈≈ ###
...≈≈.≈≈≈≈
..≈≈≈≈≈≈≈≈


You could see Aizul, Mlioglotl (scary), a merfolk aquamancer, 2 snapping
turtles, a wind drake (repels missiles, catching breath), 5 merfolk, a water
elemental, a merfolk siren, 2 water nymphs and a centaur.

Vanquished Creatures
  Gastronok (D:12)
  Nessos (D:13)
  Azrael (D:12)
  An ettin (Orc:2)
  A fire dragon (D:15)
  Josephine (Lair:4)
  3 rakshasas
  13 hydras
  An ice dragon (D:15)
  5 centaur warriors
  5 boulder beetles
  2 ogre magi (Orc:2)
  A merfolk avatar (Shoals:1)
  A dancing weapon (D:14)
  A tengu warrior (D:15)
  11 two-headed ogres
  18 death yaks
  3 thrashing horrors (Lair:6)
  A sea snake (Shoals:1)
  5 skeletal warriors (D:13)
  A deep troll (Orc:2)
  4 large abominations (Lair:6)
  2 lindwurms
  9 harpies
  2 deep elf pyromancers
  5 cyclopes
  3 fauns (Shoals:1)
  15 ugly things
  20 elephants
  An orc sorcerer (Orc:1)
  A manticore (Shoals:1)
  A water nymph (Shoals:2)
  3 black mambas
  2 torpor snails
  3 smoke demons (Lair:6)
  15 cane toads
  2 kobold demonologists
  2 unseen horrors
  8 komodo dragons
  2 rime drakes
  An efreet (D:15)
  A merfolk (Shoals:1)
  An ancient zyme (Lair:6)
  14 trolls
  3 polar bears
  3 meliai (D:12)
  A queen bee (D:12)
  Grinder (D:5)
  3 hornets
  8 dream sheep
  20 blink frogs
  19 slime creatures
  A shadow (D:12)
  2 ynoxinuls (Lair:6)
  A vampire (D:12)
  4 wyverns
  10 wraiths
  A spriggan (Lair:6)
  3 fire elementals (D:12)
  9 basilisks
  50 yaks
  2 steam dragons
  A chaos spawn (Lair:6)
  Menkaure (D:5)
  6 nagas (Lair:2)
  3 wargs
  16 water moccasins
  5 hell hounds (D:12)
  8 small abominations (Lair:6)
  14 orc warriors
  3 black bears
  A necrophage (D:4)
  2 sky beasts
  27 ogres
  A tengu (shapeshifter) (D:13)
  12 centaurs
  A phantom (D:7)
  3 kobold brigands
  12 bullfrogs
  A scorpion (D:6)
  A water moccasin skeleton (D:6)
  25 killer bees
  4 howler monkeys
  4 electric eels
  6 centaur zombies
  3 hounds
  3 jellies
  A bullfrog skeleton (D:7)
  12 orc priests
  3 iguanas
  10 orc wizards
  A hound skeleton (D:5)
  A mummy (D:13)
  3 gnolls (D:7)
  10 adders
  2 shadow imps (D:6)
  A white imp (D:7)
  A worm (D:2)
  An adder skeleton (D:4)
  45 orcs
  5 endoplasms
  3 giant cockroaches
  4 goblins
  5 hobgoblins
  4 jackals
  23 kobolds
  3 quokkas
  3 training dummies (D:9)
  2 ball pythons
  2 bats (D:3)
  5 frilled lizards
  5 rats
653 creatures vanquished.

Vanquished Creatures (others)
  A small abomination (Lair:6)
  63 fungi
  120 plants
184 creatures vanquished.

Grand Total: 837 creatures vanquished

Notes
Turn   | Place    | Note
-------+----------+-------------------------------------------
     0 | D:1      | tatocazan the Demonspawn Fighter began the quest for the
                  | Orb.
     0 | D:1      | Reached XP level 1. HP: 18/18 MP: 1/1
    24 | D:1      | Found Reovagh's Antique Weapon Shop.
   372 | D:1      | Found Beivas's Book Boutique.
   421 | D:1      | Found Konaamno's Assorted Antiques.
   471 | D:1      | Gained mutation: You sometimes gain a little power by
                  | taking damage. [demonic ancestry]
   471 | D:1      | Reached XP level 2. HP: 10/24 MP: 2/2
  1213 | D:1      | Found Osesulio's General Store.
  1437 | D:1      | Found a faded altar of an unknown god.
  1558 | D:2      | Found Misihuat's Assorted Antiques.
  1638 | D:2      | Found Fyofras's General Store.
  1656 | D:2      | Gained mutation: When seriously injured, your blood forms
                  | armour. (AC +12) [demonic ancestry]
  1656 | D:2      | Reached XP level 3. HP: 29/29 MP: 3/3
  1676 | D:2      | Found Cikix's Weapon Emporium.
  2099 | D:2      | Found Ammupavo's Antique Armour Shop.
  2432 | D:2      | Found a shimmering altar of Xom.
  2962 | D:3      | Gained mutation: You have a pair of small antennae on your
                  | head. [demonic ancestry]
  2962 | D:3      | Reached XP level 4. HP: 34/35 MP: 4/4
  3320 | D:3      | Got the Handbook of Ignition and Black Magic
  4368 | D:4      | Gained mutation: Spells you cast may paralyse adjacent
                  | enemies. [demonic ancestry]
  4368 | D:4      | Reached XP level 5. HP: 40/42 MP: 5/5
  5070 | D:5      | Entered Level 5 of the Dungeon
  5151 | D:5      | Noticed Grinder
  5151 | D:5      | Noticed a necrophage
  5195 | D:4      | Killed a necrophage
  5196 | D:4      | Gained mutation: When seriously injured, your blood forms
                  | thick armour. (AC +12) [demonic ancestry]
  5196 | D:4      | Reached XP level 6. HP: 44/48 MP: 6/6
  5333 | D:5      | Paralysed by Grinder for 4 turns
  5344 | D:5      | Killed Grinder
  5974 | D:5      | Reached XP level 7. HP: 46/55 MP: 7/7
  6136 | D:5      | Found a broken altar of Ashenzari.
  6138 | D:5      | Found an opulent altar of Gozag.
  6140 | D:5      | Found a basalt altar of Yredelemnul.
  6177 | D:5      | Reached skill level 5 in Fighting
  6372 | D:5      | Noticed Menkaure
  6377 | D:5      | Killed Menkaure
  6793 | D:6      | Found a staircase to the Ecumenical Temple.
  6867 | Temple   | Entered the Ecumenical Temple
  7028 | Temple   | Became a worshipper of Warmaster Okawaru
  7071 | D:6      | Found Hydu's Antique Weapon Boutique.
  7236 | D:6      | Gained mutation: When seriously injured, your blood forms
                  | very thick armour. (AC +12) [demonic ancestry]
  7236 | D:6      | Reached XP level 8. HP: 52/62 MP: 8/8
  7321 | D:6      | Reached skill level 5 in Axes
  7341 | D:6      | Reached skill level 5 in Armour
  7449 | D:6      | Reached skill level 5 in Shields
  7880 | D:7      | Noticed Joseph
  8205 | D:7      | Reached * piety under Okawaru
  8509 | D:7      | Cast into level 1 of the Abyss (Joseph)
  8515 | Abyss:1  | Noticed a rakshasa
  8559 | Abyss:1  | HP: 2/64 [stone wall collision (8)]
  8574 | Abyss:1  | Killed a rakshasa
  8575 | Abyss:1  | Reached XP level 9. HP: 22/71 MP: 9/9
  8579 | D:7      | Escaped the Abyss
  9114 | D:8      | Reached ** piety under Okawaru
  9555 | D:8      | Found a transporter.
  9555 | D:8      | Noticed Aethergoof's ghost (novice DsAK)
  9559 | D:8      | Identified the +9 great mace of the Middle {vorpal, Str+4}
  9559 | D:8      | Noticed a two-headed ogre
 10030 | D:9      | Found Ysuotaq's Firing Range.
 10301 | D:9      | Found a staircase to the Lair.
 10345 | D:9      | Noticed a two-headed ogre
 10411 | D:10     | Entered Level 10 of the Dungeon
 10433 | D:10     | Found a staircase to the Orcish Mines.
 10443 | D:10     | Reached *** piety under Okawaru
 10460 | D:10     | Gained mutation: You sometimes gain power by taking damage.
                  | [demonic ancestry]
 10460 | D:10     | Reached XP level 10. HP: 38/79 MP: 10/10
 10599 | D:10     | Noticed a two-headed ogre
 10599 | D:10     | Noticed a two-headed ogre
 10607 | Orc:1    | Entered Level 1 of the Orcish Mines
 10958 | Orc:1    | Found Toymecyrch's Distillery.
 10974 | Orc:1    | Reached **** piety under Okawaru
 10989 | Orc:1    | Found Coecraic's Book Emporium.
 11176 | D:10     | Noticed a two-headed ogre
 11176 | D:10     | Noticed a brown ugly thing
 11191 | D:10     | Killed a two-headed ogre
 11208 | D:10     | Gained mutation: You are clumsy. (Dex -2) [potion of
                  | mutation]
 11208 | D:10     | Gained mutation: You do not regenerate when monsters are
                  | visible. [potion of mutation]
 11208 | D:10     | Gained mutation: You passively map a small area around you.
                  | [potion of mutation]
 11208 | D:10     | Lost mutation: You are clumsy. (Dex -2) [potion of
                  | mutation]
 11211 | D:10     | HP: 4/80 [acid (7)]
 11213 | D:10     | Killed a brown ugly thing
 11575 | D:10     | Killed a two-headed ogre
 11575 | D:10     | Reached ***** piety under Okawaru
 11863 | D:10     | Gained mutation: You are powered by pain. [demonic
                  | ancestry]
 11863 | D:10     | Reached XP level 11. HP: 80/87 MP: 11/11
 12415 | D:11     | Reached skill level 10 in Axes
 12458 | D:11     | Noticed a seven-headed hydra
 12524 | D:9      | Killed a two-headed ogre
 12691 | Lair:1   | Entered Level 1 of the Lair of Beasts
 13326 | Lair:1   | Lost mutation: You do not regenerate when monsters are
                  | visible. [potion of mutation]
 13326 | Lair:1   | Lost mutation: You passively map a small area around you.
                  | [potion of mutation]
 13326 | Lair:1   | Gained mutation: You expend magic power (3 MP) to
                  | strengthen your wands. [potion of mutation]
 13326 | Lair:1   | Gained mutation: You are strong-willed. (Will+) [potion of
                  | mutation]
 13326 | Lair:1   | Gained mutation: Your muscles are strong. (Str +2) [potion
                  | of mutation]
 13455 | Lair:1   | Reached ****** piety under Okawaru
 13841 | Lair:2   | Noticed a four-headed hydra
 13955 | Lair:2   | Received a gift from Okawaru
 14397 | D:11     | Gained mutation: Spells you cast may paralyse nearby
                  | enemies. [demonic ancestry]
 14397 | D:11     | Reached XP level 12. HP: 96/96 MP: 12/12
 14495 | D:11     | Noticed a centaur warrior
 14506 | D:11     | Killed a centaur warrior
 14558 | D:11     | Killed a seven-headed hydra
 14707 | D:11     | You fall into a shaft and drop 3 floors!
 14751 | D:14     | Noticed a rakshasa
 14853 | D:14     | Killed a rakshasa
 14854 | D:14     | Reached skill level 10 in Fighting
 15208 | D:14     | Reached skill level 1 in Invocations
 15270 | D:14     | Identified the +4 ring mail of Okawaru's Condemnation {rC+}
                  | (Okawaru gifted it to you on level 14 of the Dungeon)
 15270 | D:14     | Received a gift from Okawaru
 15291 | D:14     | Noticed a centaur warrior
 15298 | D:14     | Killed a centaur warrior
 15478 | D:14     | Noticed a rakshasa
 15481 | D:14     | Noticed a boulder beetle
 15502 | D:14     | Killed a rakshasa
 15521 | D:14     | Killed a boulder beetle
 15733 | D:14     | Noticed a boulder beetle
 15754 | D:14     | Killed a boulder beetle
 15799 | D:14     | Found a gate to the Vaults.
 15805 | D:14     | Noticed a centaur warrior
 16441 | D:13     | Noticed a centaur warrior
 16456 | D:13     | Killed a centaur warrior
 16457 | D:13     | Reached skill level 5 in Invocations
 16566 | D:12     | Noticed a five-headed hydra
 16623 | D:13     | Noticed a six-headed hydra
 16988 | Orc:2    | Entered Level 2 of the Orcish Mines
 17023 | Orc:1    | Found Gomamaik's Weapon Shoppe.
 17023 | Orc:1    | Found Serebb's Assorted Antiques.
 17151 | Orc:1    | Found Bovaw's Armour Emporium.
 17404 | Orc:2    | Found a staircase to the Elven Halls.
 17459 | Orc:2    | Gained mutation: You have a pair of antennae on your head.
                  | [demonic ancestry]
 17459 | Orc:2    | Reached XP level 13. HP: 104/104 MP: 17/17
 17767 | Orc:2    | Noticed an ettin
 17788 | Orc:2    | Killed an ettin
 18056 | Orc:2    | Received a gift from Okawaru
 18192 | Orc:2    | Reached skill level 10 in Armour
 18218 | Orc:2    | Found Vorac's Magic Scroll Shop.
 18223 | Orc:2    | Reached skill level 10 in Shields
 18235 | Orc:2    | Found Disazij's General Store.
 18241 | Orc:2    | Bought a scroll of acquirement for 832 gold pieces
 18243 | Orc:2    | Found Ofry's Book Boutique.
 18244 | Orc:2    | Found Hirab's General Store.
 18737 | Lair:2   | Found a staircase to the Shoals.
 18844 | Lair:2   | Found a staircase to the Snake Pit.
 19051 | Lair:2   | Received a gift from Okawaru
 19346 | Lair:2   | Paralysed by a hornet for 3 turns
 19423 | Lair:2   | Received a gift from Okawaru
 20096 | Lair:3   | Found a transporter.
 20193 | Lair:3   | HP: 4/106 [death yak (17)]
 20367 | Lair:3   | Found a transporter.
 20370 | Lair:3   | Noticed sauken's ghost (journeyman OgIE)
 20528 | Lair:3   | Reached XP level 14. HP: 111/113 MP: 1/21
 20795 | Lair:3   | Reached skill level 10 in Invocations
 22068 | Lair:4   | Noticed Josephine
 22082 | Lair:4   | Killed Josephine
 22498 | Lair:4   | Identified the +8 tower shield of Miworchoi {Int+2}
 23145 | Lair:5   | Identified the +1 ring mail "Muuthroha" {rPois Will- Regen+
                  | Str+6} (Okawaru gifted it to you on level 5 of the Lair of
                  | Beasts)
 23145 | Lair:5   | Received a gift from Okawaru
 23582 | Lair:5   | Reached skill level 1 in Dodging
 24735 | Lair:6   | Entered Level 6 of the Lair of Beasts
 25225 | Lair:6   | Received a gift from Okawaru
 25357 | Lair:6   | Reached XP level 15. HP: 111/120 MP: 0/24
 25914 | Lair:6   | Found a runed translucent gate.
 25914 | Lair:6   | Found a runed translucent gate.
 25914 | Lair:6   | Found a runed translucent gate.
 25915 | Lair:6   | Noticed Inoelank's ghost (journeyman GnFi)
 26669 | Lair:6   | Found a staircase to the Slime Pits.
 27595 | Lair:6   | Reached skill level 15 in Axes
 27727 | Lair:6   | Found a corrupted altar of Lugonu.
 27727 | Lair:6   | Found a one-way gate to the infinite horrors of the Abyss.
 27885 | Lair:6   | Acquired a +1 crystal plate armour
 28697 | D:12     | Noticed Gastronok
 28709 | D:12     | Killed Gastronok
 29287 | D:12     | Noticed Azrael
 29320 | D:12     | Killed Azrael
 29478 | D:12     | Received a gift from Okawaru
 29639 | D:12     | Found a gateway to a bazaar.
 30045 | D:12     | Found Moudol's General Store.
 30047 | D:12     | Found Jemayjel's Distillery.
 30053 | D:12     | Found Wubotyam's Jewellery Shoppe.
 30053 | D:12     | Found Ohoyhav's Distillery.
 30053 | D:12     | Found Ofoagar's Assorted Antiques.
 30053 | D:12     | Found Befedon's Magic Scroll Boutique.
 30642 | D:12     | Bought a potion of flight for 33 gold pieces
 30697 | Bazaar   | Entered a bazaar
 30698 | Bazaar   | Found Afolelox's Antique Weapon Shop.
 30706 | Bazaar   | Found Aleawawu's Magic Scroll Shoppe.
 30738 | Bazaar   | Found Hawir's Antique Armour Shop.
 30743 | Bazaar   | Found Waedeumm's Assorted Antiques.
 30752 | Bazaar   | Bought a scroll of teleportation for 90 gold pieces
 30752 | Bazaar   | Bought a scroll of teleportation for 90 gold pieces
 30839 | D:12     | Bought a scroll of acquirement for 676 gold pieces
 30839 | D:12     | Acquired 1014 gold pieces
 30880 | D:13     | Found a snail-covered altar of Cheibriados.
 31004 | D:13     | Noticed Nessos
 31023 | D:13     | Killed Nessos
 32603 | D:15     | Entered Level 15 of the Dungeon
 32673 | D:15     | Gained mutation: You have a pair of large antennae on your
                  | head. (SInv) [demonic ancestry]
 32673 | D:15     | Reached XP level 16. HP: 115/129 MP: 0/26
 32897 | D:15     | Found a staircase to the Depths.
 33324 | D:15     | Found a sacrificial altar of Ru.
 33455 | D:15     | Received a gift from Okawaru
 34155 | Shoals:1 | Entered Level 1 of the Shoals
 34157 | Shoals:1 | You fall into a shaft and drop 1 floor!
 34338 | Shoals:2 | Noticed Jorgrun
 34388 | Shoals:1 | Noticed Aizul
 34390 | Shoals:1 | Reached skill level 5 in Dodging
 34390 | Shoals:1 | Reached skill level 15 in Invocations
 34391 | Shoals:1 | Noticed Mlioglotl
 34419 | Shoals:1 | Drowned by a water nymph

Illustrated notes

Levels and vault maps discovered:
D:1:      onia_arrival_mini_spirals, layout_basic,
          shapermc_ecumenical_altar_mp_ritualfount, serial_shops,
          nicolae_shop_waterfront, shop_coins, nicolae_shop_waterfront,
          nicolae_shop_hallway_plus
D:2:      layout_basic, serial_shops, nicolae_shop_bloodbath_and_beyond,
          nicolae_shop_waterfront, shop, shop, basic_altar
D:3:      layout_basic
D:4:      layout_loops_corners
D:5:      layout_cave_pools, grunt_temple_overflow_open, uniq_grinder,
          uniq_menkaure
D:6:      layout_gridville, minmay_temple_entry_hall, serial_shops, shop
D:7:      layout_cave_pools, nicolae_tso_besieged_by_evil,
          gammafunk_temple_overflow_statue, serial_gnoll_camp, grums_kennel,
          gnoll_camp_medium_01, gnoll_camp_mini_hut, gnoll_camp_medium_02,
          gnoll_camp_mini_doghouse, gnoll_camp_mini_house, uniq_maggie,
          uniq_joseph, uniq_duvessa
D:8:      layout_loops_cross, gammafunk_ghost_smash
D:9:      layout_basic, lair_entry_dummy, nicolae_shop_firing_range
D:10:     layout_roguey, orc_0_dummy, minmay_bent
D:11:     layout_roguey, minmay_holes, hangedman_corner_corridor
D:12:     layout_roguey, special_room [special_room_bee], serial_shops,
          bzr_entry_water, chequers_jeans, nicolae_wooded_promenade,
          uniq_gastronok, uniq_azrael
D:13:     layout_loops_ring, slow_altar_2, uniq_nessos
D:14:     layout_basic, erik_vaults_1, infiniplex_staircase_pillars_1
D:15:     grunt_enter_depths_hoard, layout_rooms, special_room
          [special_room_orc], nicolae_ru_awakened_eye
Temple:   regret_index_temple_waves
Lair:1:   layout_regular_city
Lair:2:   cheibrodos_lair_overgrown_chateau, layout_gridlike,
          minmay_shoals_entry_centaurs, minmay_snake_entry_guardpost_large
Lair:3:   minmay_lair_oklob_chamber, layout_hall_layers,
          gammafunk_ghost_berserking_beasts
Lair:4:   layout_layer_cave, lemuel_fruit_tree, infiniplex_staircase_pool,
          uniq_josephine
Lair:5:   layout_cave_pods, kennysheep_catoblepas_arena, serial_bayou_shore_a,
          serial_bayou_shore_b, grunt_megastairs_3
Lair:6:   hellmonk_lair_end_abyssal_woods, layout_loops_ring,
          dpeg_slime_entry_corner, ebering_ghost_rock_garden, minivault_19
Shoals:1: layout_shoals, uniq_aizul, uniq_mlioglotl
Shoals:2: layout_shoals, portal_ice_cave_entry_pillars_2, uniq_jorgrun,
          uniq_nikola
Orc:1:    layout_caves, serial_shops, shop, nicolae_shop_waterfront,
          nicolae_square_shop, shop_statue, shop
Orc:2:    st_orc_open, layout_diamond_mine, basic_altar, nicolae_orc_pool_cavern

Skill      XL: |  1  2  3  4  5  6  7  8  9 10 11 12 13 14 15 16 |
---------------+-------------------------------------------------+-----
Axes           | 2 3 4 6 8 9 11 12 13 14 15 | 15.7
Armour         | 3 4 5 6 7 8 9 10 11 | 11.8
Shields        | 3 4 5 6 7 8 9 10 11 | 11.8
Fighting       | 4 5 6 7 8 9 10 11 12 | 12.9
Invocations    | 5 9 12 14 15 | 15.0
Dodging        | 2 4 5 |  5.0

Action                   |  1- 3 |  4- 6 |  7- 9 | 10-12 | 13-15 | 16-18 || total
-------------------------+-------+-------+-------+-------+-------+-------++-------
Melee: War axe           |   145 |   113 |   227 |   626 |  1250 |   155 ||  2516
Throw: Throwing net      |       |       |       |     1 |       |       ||     1
Invok: Heroism           |       |       |       |     1 |     3 |     2 ||     6
       Finesse           |       |       |       |     1 |     1 |     2 ||     4
Evoke: Wand              |       |       |       |    18 |       |       ||    18
  Use: Scroll            |     3 |     4 |     2 |     9 |    12 |     5 ||    35
       Potion            |       |     1 |     4 |     8 |     2 |     1 ||    16
 Stab: Distracted        |       |       |     1 |       |       |       ||     1
       Held in net/web   |       |       |       |     1 |       |       ||     1
Armor: Scale mail        |    78 |    38 |       |       |       |       ||   116
       Plate armour      |       |    13 |   211 |   384 |   333 |       ||   941
       Skin              |       |       |       |    12 |       |       ||    12
       Crystal plate arm |       |       |       |       |   102 |    87 ||   189
Dodge: Dodged            |    63 |    51 |    49 |   178 |   330 |    54 ||   725
Block: Buckler           |    31 |    16 |       |       |       |       ||    47
       Kite shield       |       |    25 |   146 |   403 |   250 |       ||   824
       Tower shield      |       |       |       |       |   911 |   307 ||  1218

Table legend: (Time is in decaauts)
 A = Elapsed time spent in this place.
 B = Non-inter-level travel time spent in this place.
 C = Inter-level travel time spent in this place.
 D = Time resting spent in this place.
 E = Time spent auto-exploring this place.
 F = Levels seen in this place.
 G = Mean time per level.
                   A        B        C        D        E       F      G
               +--------+--------+--------+--------+--------+-----+--------+
         Total |  34683 |  32485 |   2198 |   7483 |  19624 |  28 | 1238.7 |
       Dungeon |  20857 |  19279 |   1578 |   5089 |  11179 |  15 | 1390.5 |
        Temple |    186 |    105 |     81 |      0 |     90 |   1 |  186.0 |
          Lair |  11214 |  10754 |    460 |   1719 |   7374 |   6 | 1869.0 |
        Shoals |    252 |    252 |      0 |     74 |     65 |   2 |  126.0 |
  Orcish Mines |   2031 |   1953 |     78 |    600 |    866 |   2 | 1015.5 |
         Abyss |     75 |     75 |      0 |      0 |      0 |   1 |   75.0 |
        Bazaar |     65 |     65 |      0 |      0 |     49 |   1 |   65.0 |
               +--------+--------+--------+--------+--------+-----+--------+

Top non-repeatable levels by time:
  Lair:6: 3348 daAuts
    D:14: 2469 daAuts
    D:12: 2212 daAuts
  Lair:5: 1832 daAuts
  Lair:2: 1716 daAuts
     D:6: 1639 daAuts
     D:1: 1586 daAuts
  Lair:4: 1583 daAuts
     D:5: 1565 daAuts
     D:4: 1527 daAuts
  Lair:3: 1526 daAuts
    D:13: 1499 daAuts
    D:10: 1418 daAuts
     D:2: 1386 daAuts
    D:15: 1328 daAuts
